 Dungeon Crawl Stone Soup version 0.19.3-4-gbf9329e (webtiles) character file.

4402 Gargoyl the Cleaver (level 10, -3/84 HPs)
             Began as a Ghoul Abyssal Knight on Jan 27, 2017.
             Was an Elder of Lugonu.
             Slain by a blink frog (9 damage)
             ... led by Prince Ribbit
             ... on level 1 of the Lair of Beasts.
             The game lasted 00:16:25 (6705 turns).

Gargoyl the Cleaver (Ghoul Abyssal Knight)          Turns: 6705, Time: 00:16:26

Health: -3/84      AC: 20    Str: 23    XL:     10   Next: 35%
Magic:  14/14      EV:  9    Int:  7    God:    Lugonu [****..]
Gold:   306        SH:  0    Dex: 10    Spells: 0 memorised, 9 levels left

rFire  . . .     SeeInvis .     f - +2 war axe
rCold  + + +     Gourm    .     B - +1 chain mail
rNeg   + + +     Faith    .     (no shield)
rPois  ∞         Spirit   .     (no helmet)
rElec  .         Reflect  .     (no cloak)
rCorr  +         Harm     .     d - +0 pair of gloves of Sutaapoz {rC++ Regen+ Slay+2 Stlth-}
MR     .....                    o - +2 pair of boots
Stlth  ..........               (no amulet)
                                H - +4 ring of protection
                                F - ring of resist corrosion

@: mighty, rotting
A: rotting body, claws 1, carnivore 3, cold resistance 1, negative energy
resistance 3, slow regeneration 1, torment resistance, unbreathing
a: Depart the Abyss, Bend Space, Banish, Corrupt, Renounce Religion


You were on level 1 of the Lair of Beasts.
You worshipped Lugonu.
Lugonu was greatly pleased with you.
You were not hungry.

You visited 2 branches of the dungeon, and saw 9 of its levels.
You visited the Abyss 1 time.
You also visited: Sewer.

You collected 516 gold pieces.
You spent 210 gold pieces at shops.

Inventory:

Hand Weapons
 f - a +2 war axe (weapon)
 G - a +0 war axe
 J - a +0 trident of freezing
Armour
 d - the +0 pair of gloves of Sutaapoz (worn) {rC++ Regen+ Slay+2 Stlth-}
   (You found it on level 2 of the Abyss)

   It affects your accuracy and damage with ranged weapons and melee attacks
   (+2).
   It greatly protects you from cold.
   It increases your rate of regeneration.
   It makes you less stealthy.
 o - a +2 pair of boots (worn)
 B - a +1 chain mail (worn)
Jewellery
 w - an uncursed ring of protection from fire
 x - an uncursed ring of ice
 F - a ring of resist corrosion (left hand)
 H - a +4 ring of protection (right hand)
Scrolls
 g - 2 scrolls of enchant armour
 j - a scroll of identify
 n - 5 scrolls of teleportation
 p - 3 scrolls of amnesia
 z - a scroll of remove curse
 A - a scroll of enchant weapon
 D - 3 scrolls of fear
Potions
 a - a potion of cancellation {unknown}
 b - a potion of flight
 e - a potion of heal wounds
 h - a potion of lignification {unknown}
 l - 3 potions of haste {unknown}
 m - 2 potions of degeneration {unknown}
 q - 2 potions of agility {unknown}
 r - 2 potions of might
 s - 3 potions of invisibility {unknown}
 t - 5 potions of brilliance {unknown}
 u - 2 potions of ambrosia {unknown}
 C - 3 potions of curing {unknown}
 E - a potion of magic {unknown}
Books
 v - a book of Callings

   Spells                             Type                      Level
   a - Summon Small Mammal            Summoning                    1
   b - Call Imp                       Summoning                    2
   c - Call Canine Familiar           Summoning                    3
   d - Summon Guardian Golem          Hexes/Summoning              3
   e - Summon Lightning Spire         Summoning/Air                4
   f - Summon Ice Beast               Ice/Summoning                4
Comestibles
 c - 4 meat rations
 i - 13 royal jellies
 k - 5 beef jerkies


   Skills:
 + Level 6.4 Fighting
 + Level 8.1 Axes
 + Level 0.6 Throwing
 * Level 8.1 Armour
 + Level 2.6 Dodging
 * Level 6.8 Invocations


You had 9 spell levels left.
You didn't know any spells.

Dungeon Overview and Level Annotations

Branches:
Dungeon (8/15)             Temple (0/1) D:4            Lair (1/6) D:8

Altars:
Ashenzari
Dithmenos
Elyvilon
Fedhas
Gozag
Kikubaaqudgha
Makhleb
Nemelex Xobeh
Qazlal
Ru
Sif Muna
Trog
Xom
Yredelemnul
Zin
The Shining One

Shops:
D:5 *!


Innate Abilities, Weirdness & Mutations

Your body is rotting away.
You thrive on raw meat.
You are immune to poison.
You have sharp fingernails.
You are carnivorous and can eat meat at any time.
Your flesh is cold resistant. (rC+)
You are immune to negative energy. (rN+++)
You regenerate slowly when monsters are visible.
You are immune to unholy pain and torment.
You can survive without breathing.


Message History

* * * LOW HITPOINT WARNING * * *
The blink frog blinks!
The blink frog blinks!
Firing (i - inventory): No suitable missiles.
Press: ? - help, Shift-Dir - straight line, f/p - blink frog
Aim: a blink frog (moderately wounded)
Okay, then.
The blink frog blinks!
A black mamba comes into view.
The black mamba hisses angrily.
The blink frog closely misses you.
The blink frog blinks!
The blink frog hits you.
* * * LOW HITPOINT WARNING * * *
Your chain mail prevents you from hitting the blink frog.
The blink frog hits you.
* * * LOW HITPOINT WARNING * * *
You slash the blink frog!
The blink frog is moderately wounded.
The blink frog hits you!
You die...

##### ###### ###
#####.#.####P.#.######.#.
.......F@........(.......
.....F.S#########.##...##
.....>..# ####...#. (
#.#.....# #...... #
##.....# ##...#. #
#......## PF..# #
##......####### ##...P. #
#............. ...F.. #
#............. .(....


You could see a black mamba and 2 blink frogs.

Vanquished Creatures
  A torpor snail (Lair:1)
  A komodo dragon (Lair:1)
  Prince Ribbit (Lair:1)
  Grinder (D:3)
  A blink frog (Lair:1)
  2 hungry ghosts
  2 water moccasins
  2 phantoms
  5 wolves
  A crocodile (D:8)
  4 ogres
  3 centaurs
  A big kobold (Sewer)
  2 scorpions
  A wyvern skeleton (D:7)
  A howler monkey (D:3)
  2 crimson imps
  A bullfrog zombie (D:7)
  A centaur zombie (D:7)
  A quasit (D:7)
  5 jellies
  A gnoll shaman (D:6)
  5 hounds
  2 orc priests (D:5)
  A centaur skeleton (D:6)
  3 bullfrog skeletons
  An orc wizard (D:6)
  4 iguanas
  8 worker ants
  A hound skeleton (D:8)
  8 gnolls
  7 adders
  A river rat (Sewer)
  3 shadow imps
  8 oozes
  An adder skeleton (D:4)
  An adder zombie (D:8)
  3 worms (Sewer)
  5 dart slugs
  A leopard gecko (D:2)
  12 orcs
  3 bats
  4 giant cockroaches
  7 goblins
  7 hobgoblins
  2 jackals (D:3)
  3 quokkas
  3 ball pythons
  11 kobolds
  A quokka zombie (D:8)
  8 rats
164 creatures vanquished.

Notes
Turn   | Place    | Note
-------+----------+-------------------------------------------
     0 | Abyss:1  | Gargoyl the Ghoul Abyssal Knight began the quest for the Orb.
     0 | Abyss:1  | Reached XP level 1. HP: 19/19 MP: 1/1
    31 | Abyss:2  | Noticed a wretched star
    46 | Abyss:2  | Got a pair of bloodstained gloves
    47 | D:1      | Escaped the Abyss
    53 | D:1      | Identified the +0 pair of gloves of Sutaapoz {rC++ Regen+ Slay+2 Stlth-} (You found it on level 2 of the Abyss)
    97 | D:1      | Reached * piety under Lugonu
   128 | D:1      | Reached XP level 2. HP: 25/26 MP: 2/2
   413 | D:1      | Reached skill level 1 in Dodging
   413 | D:1      | Reached XP level 3. HP: 33/33 MP: 3/3
   974 | D:2      | Found a bloodstained altar of Trog.
  1149 | D:2      | Found an opulent altar of Gozag.
  1163 | D:2      | Found a stormy altar of Qazlal.
  1340 | D:3      | Reached ** piety under Lugonu
  1421 | D:3      | Reached XP level 4. HP: 40/40 MP: 4/4
  1471 | D:3      | Noticed Grinder
  1501 | D:3      | Killed Grinder
  1501 | D:3      | Reached XP level 5. HP: 34/46 MP: 4/6
  1501 | D:3      | Reached XP level 6. HP: 39/52 MP: 4/7
  2035 | D:4      | Reached XP level 7. HP: 18/59 MP: 8/8
  2318 | D:4      | Found a shimmering altar of Xom.
  2318 | D:4      | Found a basalt altar of Yredelemnul.
  2318 | D:4      | Found a deep blue altar of Sif Muna.
  2318 | D:4      | Found a shattered altar of Ashenzari.
  2318 | D:4      | Found a white marble altar of Elyvilon.
  2318 | D:4      | Found a glowing golden altar of the Shining One.
  2318 | D:4      | Found a bloodstained altar of Trog.
  2318 | D:4      | Found a sacrificial altar of Ru.
  2318 | D:4      | Found a blossoming altar of Fedhas.
  2319 | D:4      | Found a shadowy altar of Dithmenos.
  2320 | D:4      | Found a blossoming altar of Fedhas.
  2320 | D:4      | Found an opulent altar of Gozag.
  2439 | D:4      | Found a staircase to the Ecumenical Temple.
  2628 | D:4      | Reached skill level 5 in Armour
  2837 | D:5      | Entered Level 5 of the Dungeon
  3048 | D:5      | Found a blossoming altar of Fedhas.
  3061 | D:5      | Reached XP level 8. HP: 66/66 MP: 10/10
  3107 | D:5      | Found a shimmering altar of Xom.
  3130 | D:5      | Found a shadowy altar of Dithmenos.
  3174 | D:5      | Found Zin's Purification Station.
  3177 | D:5      | Found a glowing silver altar of Zin.
  3241 | D:5      | Found Taeloes's Distillery.
  3246 | D:5      | Bought a potion of heal wounds for 75 gold pieces
  3246 | D:5      | Bought a potion of heal wounds for 75 gold pieces
  3246 | D:5      | Bought a potion of might for 60 gold pieces
  3360 | D:6      | Found a glowing golden altar of the Shining One.
  3687 | D:6      | Found a glowing drain.
  3698 | Sewer    | Entered a sewer
  4040 | Sewer    | Reached skill level 5 in Axes
  4431 | D:6      | Reached *** piety under Lugonu
  4498 | D:6      | Reached skill level 5 in Fighting
  4672 | D:7      | Reached XP level 9. HP: 32/74 MP: 11/11
  4729 | D:6      | Reached skill level 5 in Invocations
  4851 | D:7      | Found a burning altar of Makhleb.
  5130 | D:7      | Found an ancient bone altar of Kikubaaqudgha.
  5442 | D:8      | Found a sparkling altar of Nemelex Xobeh.
  5517 | D:8      | Reached **** piety under Lugonu
  5847 | D:8      | Found a staircase to the Lair.
  6268 | Lair:1   | Entered Level 1 of the Lair of Beasts
  6298 | Lair:1   | Noticed a torpor snail
  6322 | D:8      | Reached XP level 10. HP: 9/83 MP: 13/13
  6435 | Lair:1   | Killed a torpor snail
  6656 | Lair:1   | Noticed Prince Ribbit
  6692 | Lair:1   | Killed Prince Ribbit
  6703 | Lair:1   | Noticed a black mamba
  6705 | Lair:1   | Slain by a blink frog

Skill      XL: |  1  2  3  4  5  6  7  8  9 10 |
---------------+-------------------------------+-----
Armour         | 2 3 4 5 6 7 8 |  8.1
Axes           | 2 3 4 5 7 8 |  8.1
Dodging        | 1 2 |  2.6
Fighting       | 4 5 6 |  6.4
Invocations    | 3 4 6 |  6.8
Throwing       | |  0.6

Action                   |  1- 3 |  4- 6 |  7- 9 | 10-12 || total
-------------------------+-------+-------+-------+-------++-------
Melee: Hand axe          |    99 |    34 |       |       ||   133
       War axe           |       |    25 |   508 |    52 ||   585
Throw: Javelin           |     2 |     2 |     8 |     2 ||    14
       Tomahawk          |       |       |     8 |       ||     8
Invok: Depart the Abyss  |     1 |       |       |       ||     1
       Bend Space        |       |       |     1 |       ||     1
  Use: Potion            |       |     2 |       |     3 ||     5
       Scroll            |       |     7 |    10 |       ||    17
  Eat: Chunk             |    12 |     3 |    48 |     6 ||    69
Armor: Leather armour    |     9 |       |       |       ||     9
       Scale mail        |    38 |    41 |    18 |       ||    97
       Chain mail        |       |       |   419 |    47 ||   466
Dodge: Dodged            |    65 |    30 |   265 |    29 ||   389
